[ PARTIDA AOE2 · #495285411 ]
UnrankedMaya vs Poles
Equipo del jugador · DERR
Equipo rival · VICT
[ ANÁLISIS DE REPETICIÓN · EXTRAÍDO DE LA PARTIDA GRABADA ]
Feudal
9:33
Castillos
24:46
Imperial
—
| APM promedio | 43.8 |
| APM pico | 95 |
| eAPM promedio | 19.8 |
| Aldeanos / militares | 66 / 54 |
Foco
⚔️ 28.8% · 🌾 71.2%
Eagle Scout ×34 · Spearman ×12 · Skirmisher ×4 · Monk ×2 · Archer ×2
Feudal
9:19
Castillos
25:58
Imperial
—
| APM promedio | 42.1 |
| APM pico | 78 |
| eAPM promedio | 24.2 |
| Aldeanos / militares | 69 / 80 |
Foco
⚔️ 35.7% · 🌾 64.3%
Scout Cavalry ×52 · Skirmisher ×15 · Cavalry Archer ×12 · Archer ×1
Mapa de la partida
Recursos iniciales + cada clic de construcción. Líneas = muros · curvas = relieve. ◆ oro · ⬟ piedra · ● bayas · ✦ reliquia · ◌ hueco del cierre
Tu base· Abierta — flanco sin cerrar
Base de elbanovic· ✓ Cerrada en 25:58 · 35t muro · 1 puerta(s)
Terreno inicial suavizado · ◌ = hueco del cierre detectado · pasá el cursor para detalles
Inputs por minuto
— Leto Apor - - elbanovic
Build order — Leto Apor
Primeras 150 de 210 acciones detectadas
| 0:01 | Crear | Villager (Male) |
| 0:01 | Crear | Villager (Male) |
| 0:04 | Investigar | Loom |
| 0:05 | Construir | House |
| 0:31 | Crear | Villager (Male) |
| 0:31 | Crear | Villager (Male) |
| 0:31 | Crear | Villager (Male) |
| 1:30 | Crear | Villager (Male) |
| 1:30 | Crear | Villager (Male) |
| 1:50 | Construir | House |
| 2:13 | Crear | Villager (Male) |
| 2:14 | Crear | Villager (Male) |
| 2:14 | Crear | Villager (Male) |
| 3:03 | Crear | Villager (Male) |
| 3:03 | Crear | Villager (Male) |
| 3:03 | Crear | Villager (Male) |
| 3:36 | Crear | Villager (Male) |
| 3:36 | Crear | Villager (Male) |
| 3:56 | Construir | Lumber Camp |
| 3:57 | Crear | Villager (Male) |
| 4:39 | Construir | House |
| 4:41 | Construir | House |
| 4:50 | Crear | Villager (Male) |
| 4:50 | Crear | Villager (Male) |
| 4:50 | Crear | Villager (Male) |
| 5:52 | Crear | Villager (Male) |
| 6:05 | Crear | Villager (Male) |
| 6:37 | Crear | Villager (Male) |
| 6:42 | Construir | Mill |
| 7:23 | Investigar | Feudal Age |
| 8:23 | Construir | Barracks |
| 8:34 | Crear | Villager (Male) |
| 8:42 | Construir | Barracks |
| 9:19 | Construir | House |
| 9:33 | Edad | Edad Feudal |
| 9:35 | Crear | Spearman |
| 10:01 | Crear | Eagle Scout |
| 10:08 | Crear | Villager (Male) |
| 10:08 | Crear | Villager (Male) |
| 10:29 | Crear | Villager (Male) |
| 10:31 | Construir | Mining Camp |
| 10:36 | Construir | Farm |
| 10:50 | Crear | Villager (Male) |
| 11:03 | Crear | Spearman |
| 11:35 | Construir | Archery Range |
| 11:37 | Crear | Villager (Male) |
| 11:47 | Construir | House |
| 11:52 | Crear | Eagle Scout |
| 11:57 | Crear | Villager (Male) |
| 12:09 | Construir | Farm |
| 12:09 | Construir | Farm |
| 12:20 | Crear | Skirmisher |
| 12:36 | Crear | Villager (Male) |
| 12:45 | Crear | Skirmisher |
| 12:56 | Crear | Skirmisher |
| 12:57 | Crear | Villager (Male) |
| 13:01 | Construir | Mill |
| 13:09 | Crear | Eagle Scout |
| 13:16 | Construir | House |
| 13:19 | Construir | House |
| 13:50 | Crear | Spearman |
| 14:33 | Crear | Villager (Male) |
| 14:39 | Crear | Eagle Scout |
| 14:41 | Crear | Archer |
| 14:41 | Crear | Archer |
| 14:56 | Crear | Skirmisher |
| 14:57 | Crear | Villager (Male) |
| 15:08 | Construir | Barracks |
| 15:12 | Crear | Villager (Male) |
| 15:15 | Construir | Blacksmith |
| 15:23 | Crear | Eagle Scout |
| 15:41 | Crear | Villager (Male) |
| 15:46 | Investigar | Double-Bit Axe |
| 15:59 | Crear | Eagle Scout |
| 16:03 | Investigar | Scale Mail Armor |
| 16:03 | Investigar | Scale Mail Armor |
| 16:04 | Crear | Villager (Male) |
| 16:10 | Construir | Watch Tower |
| 16:25 | Crear | Eagle Scout |
| 16:25 | Crear | Eagle Scout |
| 16:27 | Crear | Villager (Male) |
| 16:34 | Construir | Farm |
| 16:35 | Construir | Farm |
| 16:37 | Construir | Farm |
| 16:47 | Crear | Spearman |
| 17:21 | Crear | Spearman |
| 17:25 | Crear | Eagle Scout |
| 17:52 | Construir | Farm |
| 17:53 | Construir | Farm |
| 17:53 | Construir | Farm |
| 17:54 | Crear | Villager (Male) |
| 17:55 | Construir | Farm |
| 17:59 | Crear | Eagle Scout |
| 17:59 | Crear | Eagle Scout |
| 18:38 | Crear | Villager (Male) |
| 18:40 | Construir | Farm |
| 18:47 | Crear | Eagle Scout |
| 18:49 | Crear | Eagle Scout |
| 18:55 | Crear | Villager (Male) |
| 18:59 | Construir | Farm |
| 19:10 | Construir | House |
| 19:15 | Construir | Farm |
| 19:27 | Crear | Villager (Male) |
| 19:38 | Crear | Eagle Scout |
| 20:00 | Construir | Farm |
| 20:01 | Construir | Farm |
| 20:02 | Crear | Villager (Male) |
| 20:04 | Construir | Farm |
| 20:16 | Crear | Eagle Scout |
| 20:16 | Crear | Eagle Scout |
| 20:18 | Crear | Villager (Male) |
| 21:05 | Crear | Villager (Male) |
| 21:21 | Crear | Eagle Scout |
| 21:22 | Crear | Eagle Scout |
| 21:26 | Crear | Villager (Male) |
| 22:06 | Investigar | Castle Age |
| 22:06 | Investigar | Castle Age |
| 22:09 | Crear | Eagle Scout ×2 |
| 22:09 | Crear | Eagle Scout ×2 |
| 22:14 | Construir | Barracks |
| 22:51 | Construir | Farm |
| 22:52 | Construir | Farm |
| 22:55 | Crear | Eagle Scout |
| 22:55 | Crear | Eagle Scout |
| 22:56 | Crear | Eagle Scout |
| 22:56 | Crear | Eagle Scout |
| 23:05 | Crear | Spearman |
| 23:43 | Crear | Eagle Scout |
| 23:44 | Crear | Eagle Scout |
| 24:43 | Investigar | Arson |
| 24:43 | Investigar | Arson |
| 24:45 | Crear | Villager (Male) |
| 24:46 | Edad | Edad de los Castillos |
| 24:54 | Investigar | Squires |
| 24:55 | Investigar | Eagle Warrior (upgrade) |
| 25:00 | Crear | Eagle Scout |
| 25:00 | Crear | Eagle Scout |
| 25:11 | Construir | Monastery |
| 25:12 | Crear | Villager (Male) |
| 25:34 | Crear | Villager (Male) |
| 25:38 | Construir | Mining Camp |
| 25:42 | Investigar | Wheelbarrow |
| 25:43 | Investigar | Wheelbarrow |
| 25:53 | Construir | House |
| 25:54 | Construir | House |
| 25:59 | Crear | Monk |
| 26:01 | Construir | House |
| 26:03 | Investigar | Sanctity |
| 26:03 | Investigar | Sanctity |
| 26:25 | Crear | Monk |
Build order — elbanovic
Primeras 150 de 259 acciones detectadas
| 0:00 | Crear | Villager (Male) |
| 0:00 | Crear | Villager (Male) |
| 0:01 | Crear | Villager (Male) |
| 0:01 | Crear | Villager (Male) |
| 0:02 | Construir | House |
| 0:03 | Construir | House |
| 1:30 | Crear | Villager (Male) |
| 1:59 | Crear | Villager (Male) |
| 2:25 | Crear | Villager (Male) |
| 2:43 | Construir | Lumber Camp |
| 2:49 | Crear | Villager (Male) |
| 2:49 | Crear | Villager (Male) |
| 3:06 | Crear | Villager (Male) |
| 3:07 | Crear | Villager (Male) |
| 3:28 | Construir | House |
| 3:39 | Crear | Villager (Male) |
| 3:42 | Crear | Villager (Male) |
| 4:12 | Crear | Villager (Male) |
| 4:59 | Crear | Villager (Male) |
| 5:16 | Construir | Mill |
| 5:39 | Crear | Villager (Male) |
| 5:54 | Investigar | Loom |
| 6:39 | Crear | Villager (Male) |
| 7:09 | Investigar | Feudal Age |
| 7:09 | Investigar | Feudal Age |
| 8:04 | Construir | Barracks |
| 9:03 | Crear | Villager (Male) |
| 9:12 | Construir | Mill |
| 9:19 | Edad | Edad Feudal |
| 9:25 | Construir | Archery Range |
| 9:34 | Crear | Villager (Male) |
| 9:38 | Investigar | Double-Bit Axe |
| 9:46 | Construir | Palisade Wall |
| 9:48 | Construir | Palisade Wall |
| 9:50 | Construir | Palisade Wall |
| 9:54 | Crear | Villager (Male) |
| 10:06 | Crear | Villager (Male) |
| 10:15 | Construir | House |
| 10:42 | Crear | Villager (Male) |
| 10:49 | Investigar | Horse Collar |
| 10:52 | Construir | Farm |
| 10:57 | Crear | Villager (Male) |
| 11:00 | Construir | House |
| 11:07 | Crear | Skirmisher |
| 11:16 | Construir | Stable |
| 11:21 | Crear | Villager (Male) |
| 11:25 | Crear | Archer |
| 11:33 | Crear | Villager (Male) |
| 11:37 | Crear | Skirmisher |
| 11:57 | Construir | Farm |
| 11:59 | Construir | Farm |
| 12:05 | Crear | Villager (Male) |
| 12:09 | Crear | Skirmisher |
| 12:17 | Crear | Scout Cavalry |
| 12:18 | Crear | Scout Cavalry |
| 12:25 | Crear | Skirmisher |
| 12:25 | Crear | Villager (Male) |
| 12:33 | Crear | Villager (Male) |
| 12:35 | Crear | Skirmisher |
| 12:48 | Construir | Farm |
| 12:49 | Crear | Scout Cavalry |
| 12:52 | Construir | Farm |
| 12:55 | Construir | Farm |
| 13:00 | Crear | Skirmisher |
| 13:16 | Construir | House |
| 13:22 | Crear | Skirmisher |
| 13:23 | Crear | Villager (Male) |
| 13:42 | Construir | Palisade Gate |
| 13:49 | Crear | Scout Cavalry |
| 13:51 | Crear | Villager (Male) |
| 13:55 | Construir | Farm |
| 13:55 | Crear | Villager (Male) |
| 14:08 | Crear | Villager (Male) |
| 14:16 | Crear | Skirmisher |
| 14:25 | Crear | Villager (Male) |
| 14:32 | Crear | Villager (Male) |
| 14:38 | Construir | Mill |
| 14:46 | Crear | Scout Cavalry |
| 15:01 | Crear | Skirmisher |
| 15:07 | Crear | Villager (Male) |
| 15:10 | Construir | Farm |
| 15:12 | Construir | Farm |
| 15:17 | Crear | Skirmisher |
| 15:20 | Crear | Scout Cavalry |
| 15:25 | Construir | Farm |
| 15:27 | Construir | Farm |
| 15:28 | Crear | Villager (Male) |
| 15:34 | Crear | Skirmisher |
| 15:53 | Crear | Villager (Male) |
| 16:01 | Crear | Villager (Male) |
| 16:03 | Construir | Blacksmith |
| 16:06 | Construir | House |
| 16:19 | Crear | Scout Cavalry |
| 16:25 | Construir | Farm |
| 16:29 | Construir | House |
| 16:38 | Crear | Scout Cavalry |
| 16:42 | Construir | House |
| 16:54 | Construir | Watch Tower |
| 16:59 | Crear | Skirmisher |
| 17:03 | Construir | Farm |
| 17:20 | Construir | Farm |
| 17:22 | Construir | Farm |
| 17:22 | Crear | Villager (Male) |
| 17:24 | Construir | House |
| 17:40 | Crear | Villager (Male) |
| 17:42 | Investigar | Forging |
| 18:00 | Crear | Villager (Male) |
| 18:04 | Construir | Lumber Camp |
| 18:05 | Crear | Villager (Male) |
| 18:15 | Crear | Scout Cavalry |
| 18:26 | Crear | Scout Cavalry |
| 18:45 | Construir | Mining Camp |
| 18:48 | Crear | Villager (Male) |
| 18:54 | Construir | House |
| 19:11 | Crear | Scout Cavalry |
| 19:16 | Crear | Villager (Male) |
| 19:18 | Crear | Skirmisher |
| 19:24 | Construir | House |
| 19:25 | Construir | House |
| 19:28 | Construir | Farm |
| 19:30 | Construir | Farm |
| 19:44 | Investigar | Wheelbarrow |
| 20:00 | Crear | Scout Cavalry |
| 20:01 | Crear | Villager (Male) |
| 20:05 | Construir | Palisade Wall |
| 20:06 | Construir | Palisade Wall |
| 20:13 | Construir | Palisade Wall |
| 20:26 | Crear | Scout Cavalry |
| 20:32 | Crear | Villager (Male) |
| 20:35 | Investigar | Scale Barding Armor |
| 20:49 | Crear | Scout Cavalry |
| 20:50 | Crear | Skirmisher |
| 21:00 | Construir | House |
| 21:13 | Crear | Scout Cavalry |
| 21:13 | Crear | Villager (Male) |
| 21:21 | Construir | Market |
| 21:31 | Crear | Villager (Male) |
| 21:35 | Construir | Stable |
| 21:41 | Construir | Palisade Wall |
| 21:52 | Crear | Villager (Male) |
| 22:24 | Crear | Villager (Male) |
| 22:40 | Crear | Villager (Male) |
| 22:52 | Construir | Farm |
| 22:56 | Construir | Farm |
| 23:00 | Construir | Mill |
| 23:02 | Construir | Farm |
| 23:02 | Construir | Farm |
| 23:02 | Construir | Farm |
| 23:02 | Construir | Farm |
| 23:03 | Construir | Farm |
Cronología de la partida
| 8:04 | elbanovic · first_building Barracks |
| 8:23 | Leto Apor · first_building Barracks |
| 9:19 | elbanovic · age_up feudal |
| 9:25 | elbanovic · first_building Archery Range |
| 9:33 | Leto Apor · age_up feudal |
| 9:46 | elbanovic · wall_segment Palisade Wall x1 |
| 9:48 | elbanovic · wall_segment Palisade Wall x1 |
| 9:50 | elbanovic · wall_segment Palisade Wall x1 |
| 11:16 | elbanovic · first_building Stable |
| 11:35 | Leto Apor · first_building Archery Range |
| 20:05 | elbanovic · wall_segment Palisade Wall x1 |
| 20:06 | elbanovic · wall_segment Palisade Wall x7 |
| 20:13 | elbanovic · wall_segment Palisade Wall x13 |
| 21:41 | elbanovic · wall_segment Palisade Wall x9 |
| 23:10 | elbanovic · first_market_sell 100 wood |
| 23:11 | elbanovic · first_market_buy 100 food |
| 23:31 | elbanovic · wall_segment Palisade Wall x1 |
| 23:36 | elbanovic · wall_segment Palisade Wall x1 |
| 24:46 | Leto Apor · age_up castle |
| 25:11 | Leto Apor · first_building Monastery |
| 25:58 | elbanovic · age_up castle |
| 31:54 | elbanovic · first_building Siege Workshop |
| 32:22 | Leto Apor · resign |
[ ANÁLISIS IA · 1 CRÉDITO ]
¿Qué pasó realmente en esta partida?
Wolo.gg analiza cada decisión: build order, eco, micro, errores típicos por bracket. Análisis personalizado por WhatsApp o Discord en 30 segundos.
Guía civ
Maya
Perfil
Leto Apor